 Dungeon Crawl Stone Soup version 0.18-b1-14-g029dad2 (webtiles) character file.

67 Chiseanne the Magician (level 4, 30/30 HPs)
             Began as a Demonspawn Wizard on Apr 30, 2016.
             Quit the game on level 2 of the Dungeon.
             The game lasted 00:03:10 (2079 turns).

Chiseanne the Magician (Demonspawn Wizard)          Turns: 2079, Time: 00:03:11

Health: 30/30      AC:  2    Str:  7    XL:     4   Next: 0%
Magic:  4/10       EV: 12    Int: 21    God:
Gold:   44         SH:  0    Dex: 11    Spells: 4 memorised, 3 levels left

rFire  . . .     SeeInvis .     f - +0 mace
rCold  . . .     Gourm    .     a - +0 robe
rNeg   . . .     Faith    .     (no shield)
rPois  .         Spirit   +     b - +0 hat
rElec  .         Dismiss  .     (no cloak)
rCorr  .         Reflect  .     (no gloves)
SustAt .         Harm     .     (no boots)
MR     .....                    (no amulet)
Stlth  ++........               (no ring)
                                (no ring)

@: not resistant to hostile enchantments, unstealthy
A: demonic guardian 1, magic shield
a: no special abilities


You were on level 2 of the Dungeon.
You were not hungry.

You visited 1 branch of the dungeon, and saw 2 of its levels.

You collected 44 gold pieces.

Inventory:

Hand Weapons
 f - a +0 mace (weapon)
Missiles
 h - 45 stones (quivered)
 k - 16 bolts
 o - 6 curare-tipped needles
 r - 26 arrows
 t - 8 poisoned needles
Armour
 a - a +0 robe (worn)
 b - a +0 hat (worn)
Jewellery
 e - an uncursed ring of resist corrosion {unknown}
Wands
 s - a wand of lightning (3/15)
Scrolls
 g - 2 scrolls of enchant weapon {unknown}
 l - 3 scrolls of enchant armour {unknown}
 n - a scroll of identify {unknown}
 u - a scroll of remove curse {unknown}
Potions
 i - a potion of beneficial mutation {unknown}
 j - a potion of lignification {unknown}
 q - a potion of curing {unknown}
Books
 c - a book of Minor Magic

   Spells                             Type                      Level
   a - Magic Dart                     Conjuration                  1
   b - Blink                          Translocation                2
   c - Call Imp                       Summoning                    2
   d - Repel Missiles                 Charms/Air                   2
   e - Slow                           Hexes                        2
   f - Conjure Flame                  Conjuration/Fire             3
   g - Mephitic Cloud                 Conjuration/Poison/Air       3
Comestibles
 d - a bread ration
 p - a beef jerky


   Skills:
 - Level 1.7 Dodging
 - Level 1.7 Stealth
 * Level 4.0 Spellcasting
 * Level 2.5 Conjurations
   Level 1.0 Summonings
 - Level 0.8 Translocations


You had 3 spell levels left.
You knew the following spells:

 Your Spells              Type           Power        Failure   Level  Hunger
a - Magic Dart            Conj           ##..         4%          1    None
b - Blink                 Tloc           N/A          14%         2    #......
c - Repel Missiles        Chrm/Air       #.....       17%         2    #......
d - Mephitic Cloud        Conj/Pois/Air  #.......     30%         3    ###....


Dungeon Overview and Level Annotations

Branches:
Dungeon (2/15)

Altars:
Dithmenos


Innate Abilities, Weirdness & Mutations

A weak demonic guardian rushes to your aid.
When hurt, damage is shared between your health and your magic reserves.


Message History

The hobgoblin is lightly wounded.
The hobgoblin shouts!
Casting: Magic Dart
Confirm with . or Enter, or press ? or * to list all spells.
Aiming: Magic Dart
Press: ? - help, Shift-Dir - straight line, f/p - hobgoblin
Aim: a hobgoblin, wielding a club (lightly wounded)
The magic dart hits the hobgoblin.
The hobgoblin is heavily wounded.
Casting: Magic Dart
Confirm with . or Enter, or press ? or * to list all spells.
Aiming: Magic Dart
Press: ? - help, Shift-Dir - straight line, f/p - hobgoblin
Aim: a hobgoblin, wielding a club (heavily wounded)
The magic dart hits the hobgoblin.
You kill the hobgoblin!
You have reached level 4!
You feel clever.
Your demonic ancestry asserts itself...
You feel the presence of a demonic guardian.
Are you sure you want to abandon this character and quit the game? (Confirm with "yes".)

#.# ..... #.# ... #.#
... ######.# .).
#......# #.# #.###..#
#.# ##.# #..# #.# #
##..###.######.##.##.#.
#..............@..).)..
##.##.#........##.##...
#.##.#.####.#.# ..
#.##.#.# #.#.# ##
#.##.#.# #.#.#..#
#.##.#.# #.#.#..#
#.##.#.####.#.#..#
#.##.............##
#..................


There were no monsters in sight!

Vanquished Creatures
  2 adders
  An ooze (D:1)
  2 dart slugs
  A giant gecko (D:1)
  2 giant cockroaches
  6 hobgoblins
  3 jackals (D:1)
  4 bats
  2 giant newts (D:1)
  3 goblins
  10 kobolds
  4 rats
40 creatures vanquished.

Notes
Turn   | Place    | Note
--------------------------------------------------------------
     0 | D:1      | Chiseanne the Demonspawn Wizard began the quest for the Orb.
     0 | D:1      | Reached XP level 1. HP: 13/13 MP: 4/4
   326 | D:1      | Gained mutation: When hurt, damage is shared between your health and your magic reserves. [demonic ancestry]
   326 | D:1      | Reached XP level 2. HP: 5/19 MP: 0/6
   546 | D:1      | Learned a level 2 spell: Blink
   549 | D:1      | Learned a level 2 spell: Repel Missiles
  1032 | D:1      | Reached XP level 3. HP: 24/24 MP: 2/8
  1546 | D:2      | Learned a level 3 spell: Mephitic Cloud
  1668 | D:2      | Found a faded altar to an unknown god.
  1851 | D:2      | Found a shadowy altar of Dithmenos.
  1945 | D:2      | Reached skill level 4 in Spellcasting
  2078 | D:2      | Gained mutation: A weak demonic guardian rushes to your aid. [demonic ancestry]
  2078 | D:2      | Reached XP level 4. HP: 30/30 MP: 3/10
  2079 | D:2      | Quit the game

Skill      XL: |  1  2  3 |
---------------+----------+-----
Conjurations   | 2 |  2.5
Spellcasting   | 4 |  4.0
Dodging        | |  1.7
Stealth        | |  1.7
Summonings     | |  1.0
Translocations | |  0.8

Action                   |  1- 3 |  4- 6 || total
-------------------------+-------+-------++-------
Melee: Mace              |    14 |       ||    14
 Cast: Magic Dart        |    90 |     1 ||    91
       Repel Missiles    |     1 |       ||     1
  Eat: Chunk             |     3 |       ||     3
Armor: Robe              |     3 |       ||     3
Dodge: Dodged            |    14 |       ||    14
       Deflected         |     1 |       ||     1
